AoeStats
← gggmeuer

Arabia

507101855Analyzed
3v3 RM · 15d ago on Sep 16, 2026· 34m 49s· 6 players
Game mode
Random Map
Map size
Normal (6 player)
Population
200
Speed
Normal
Resources
Standard
Victory
Conquest
Starting age
Dark Age
Ending age
Imperial Age
RankedLock teamsTeams togetherTeam positionsShared explorationLock speedFull tech treeHidden civsTurbo modeCheats
Victory
Defeat
🇨🇭 Persians · Switzerland
1526
+12
🇨🇭 Shu · Switzerland
1497
+14
🇩🇪 Ethiopians · Germany
1486
+14
🇨🇳 Ethiopians · China
1522
-16
🇨🇳 Magyars · China
1456
-14
🇨🇳 Maya · China
1357
-10
Tilt Eulenspiegel
5:56 Loom
8:50 Feudal Age
9:39 Double-Bit Axe
11:11 Fletching
21:20 Castle Age
19:40 Padded Archer Armor
19:48 Horse Collar
20:49 Gold Mining
21:22 Crossbowman
22:04 Bodkin Arrow
23:55 Ballistics
31:00 Bow Saw
gggmeuer
8:59 Feudal Age
11:41 Fletching
15:54 Padded Archer Armor
15:47 Loom
23:00 Castle Age
22:39 Double-Bit Axe
22:34 Horse Collar
22:57 Gold Mining
23:06 Crossbowman
23:42 Bodkin Arrow
25:21 Wheelbarrow
28:42 Bow Saw
28:33 Heavy Plow
29:16 Leather Archer Armor
30:27 Town Watch
32:31 Ballistics
34:13 Thumb Ring
hoiduloi
5:41 Loom
8:38 Feudal Age
9:07 Double-Bit Axe
18:22 Forging
18:28 Scale Barding Armor
18:19 Horse Collar
23:14 Castle Age
21:46 Bloodlines
21:40 Gold Mining
22:39 Forging
24:02 Chain Barding Armor
23:43 Light Cavalry
31:08 Wheelbarrow
32:36 Husbandry
33:13 Iron Casting
unhappy
5:39 Loom
6:33 Loom
8:49 Feudal Age
13:19 Fletching
16:38 Wheelbarrow
17:13 Double-Bit Axe
21:58 Castle Age
20:42 Padded Archer Armor
20:52 Gold Mining
21:58 Crossbowman
22:35 Bodkin Arrow
23:47 Ballistics
30:42 Leather Archer Armor
32:26 Thumb Ring
35:10 Hand Cart
养几亿
0:28 Loom
9:02 Feudal Age
10:49 Town Watch
13:27 Fletching
18:19 Padded Archer Armor
25:16 Castle Age
26:27 Wheelbarrow
25:19 Crossbowman
25:55 Bodkin Arrow
27:34 Ballistics
27:53 Leather Archer Armor
Zilove_
7:02 Loom
9:29 Feudal Age
10:06 Double-Bit Axe
18:00 Bloodlines
19:05 Wheelbarrow
21:15 Scale Barding Armor
25:52 Castle Age
24:55 Horse Collar
31:45 Chain Barding Armor
31:49 Bow Saw
32:08 Light Cavalry
Connection lost

Rejoining the realm…

Still unreachable

The connection could not be restored.

Session expired

The server has moved on; the page needs a fresh start.